 Dungeon Crawl Stone Soup version 0.25-a0-1007-g10a8c3caa8 (webtiles) character file.

Game seed: 16362930944018611785, levelgen mode: deterministic

6862 Hasart the Frost Mage (level 10, -2/56 HPs)
             Began as a Deep Elf Ice Elementalist on May 11, 2020.
             Was an Elder of Sif Muna.
             Hit by a silver javelin thrown by Urug (18 damage)
             ... on level 10 of the Dungeon on May 12, 2020.
             The game lasted 00:35:47 (11300 turns).

Hasart the Frost Mage (Deep Elf Ice Elementalist)  Turns: 11300, Time: 00:35:47

Health: -2/56      AC:  8    Str:  5    XL:     10   Next: 78%
Magic:  24/24      EV: 20    Int: 27    God:    Sif Muna [****..]
Gold:   729        SH:  0    Dex: 15    Spells: 8/26 levels left

rFire    + . .     SeeInvis .   j - +1 dire flail (holy)
rCold    . . .     Gourm    .   (shield currently unavailable)
rNeg     . . .     Faith    .   Q - +2 robe {rF+}
rPois    .         Spirit   .   A - +0 helmet
rElec    .         Reflect  .   (no cloak)
rCorr    .         Harm     .   z - +1 pair of gloves
MR       +....                  D - +0 pair of boots
Stlth    ++........             (no amulet)
HPRegen  0.18/turn              P - +3 ring of evasion
MPRegen  0.19/turn              h - +3 ring of intelligence

@: no status effects
A: no striking features
a: Channel Magic, Forget Spell, Divine Exegesis, Renounce Religion


You were on level 10 of the Dungeon.
You worshipped Sif Muna.
Sif Muna was greatly pleased with you.
You were not hungry.

You visited 1 branch of the dungeon, and saw 10 of its levels.

You collected 729 gold pieces.

Inventory:

Hand Weapons
 j - a +1 dire flail of holy wrath (weapon)
 N - a +2 vorpal trident
Missiles
 m - 11 poisoned darts (quivered)
Armour
 z - a +1 pair of gloves (worn)
 A - a +0 helmet (worn)
 D - a +0 pair of boots (worn)
 L - the +5 ring mail "Taoblygg" {rC+ Dex+3 SInv}
   (You found it on level 8 of the Dungeon)

   It affects your dexterity (+3).
   It protects you from cold.
   It lets you see invisible.
 Q - a +2 robe of fire resistance (worn)
 R - a +0 troll leather armour
Jewellery
 g - an uncursed ring of resist corrosion
 h - a +3 ring of intelligence (right hand)
 n - an uncursed amulet of faith {unknown}
 y - an uncursed ring of flight
 C - an uncursed ring of stealth
 H - an uncursed ring of ice
 P - a +3 ring of evasion (left hand)
Wands
 r - a wand of flame (13)
 s - a wand of paralysis (10)
 O - a wand of acid (4)
Scrolls
 f - 2 scrolls of remove curse
 l - 4 scrolls of immolation
 p - 3 scrolls of blinking
 q - 2 scrolls of amnesia
 B - 3 scrolls of enchant weapon {unknown}
 E - 2 scrolls of teleportation
 F - a scroll of magic mapping {unknown}
 K - a scroll of enchant armour
 M - a scroll of identify
Potions
 b - a potion of degeneration
 d - 2 potions of brilliance {unknown}
 e - 3 potions of ambrosia {unknown}
 i - a potion of flight {unknown}
 k - 7 potions of curing {unknown}
 o - a potion of mutation {unknown}
 t - 3 potions of heal wounds {unknown}
 u - a potion of resistance {unknown}
 w - 3 potions of lignification {unknown}
 x - a potion of experience {unknown}
 G - a potion of cancellation {unknown}
 I - 2 potions of might {unknown}
Comestibles
 c - 20 rations


   Skills:
 + Level 3.0 Fighting
 + Level 2.2 Armour
 + Level 8.0 Dodging
 - Level 2.4 Stealth
 + Level 8.9 Spellcasting
 + Level 6.1 Summonings
 * Level 10.9 Ice Magic
 + Level 5.7 Invocations
 - Level 5.0 Evocations


You had 8 spell levels left.
You knew the following spells:

 Your Spells              Type           Power        Failure   Level  Hunger
a - Freeze                Ice            ####         1%          1    None
b - Frozen Ramparts       Ice            ######       1%          3    None
c - Summon Ice Beast      Ice/Summ       ######..     1%          4    #......
d - Ozocubu's Refrigerat  Ice            ######....   9%          6    ######.
e - Hailstorm             Conj/Ice       #####...     4%          4    #......

Your spell library contained the following spells:

 Spells                   Type           Power        Failure   Level  Hunger
 Summon Small Mammal      Summ           ####         1%          1    None
 Ozocubu's Armour         Chrm/Ice       #####...     1%          3    None
 Animate Skeleton         Necr           N/A          4%          1    None
 Apportation              Tloc           ##....       4%          1    None
 Corona                   Hex            ##.....      4%          1    None
 Infusion                 Chrm           ##..         4%          1    None
 Ice Form                 Ice/Tmut       #####...     4%          4    #......
 Shroud of Golubria       Chrm/Tloc      ##....       8%          2    None
 Song of Slaying          Chrm           ##......     8%          2    None
 Spectral Weapon          Hex/Chrm       ##......     14%         3    None
 Metabolic Englaciation   Hex/Ice        #####.....   14%         5    ####...
 Simulacrum               Ice/Necr       #####.....   61%         6    ######.
 Freezing Cloud           Conj/Ice/Air   ####......   86%         6    ######.


Dungeon Overview and Level Annotations

Branches:
Dungeon (10/15)            Temple (0/1) D:6            Lair (0/6) D:9
    Orc (0/2) D:10

Altars:
Ashenzari
Cheibriados
Dithmenos
Fedhas
Gozag
Hepliaklqana
Kikubaaqudgha
Makhleb
Okawaru
Qazlal
Sif Muna
Uskayaw
Vehumet
Zin
The Shining One

Annotations:
D:10 Urug


Message History

Reactivating autopickup.
Your Fighting skill increases to level 3!
You feel a bit more experienced.
Casting: Frozen Ramparts (safe; 1% risk of failure)
Confirm with . or Enter, or press ? or * to list all spells.
You can't see any susceptible monsters within range! (Use Z to cast anyway.)
You see here a sky beast corpse.
The frozen ramparts melt away.
There is an open door here.
Urug the Orcish Ballista comes into view.
She is wielding a +2 great mace of holy wrath and quivering 4 silver javelins.
Urug shouts!
Urug throws a silver javelin.
The silver javelin pierces through you.
Found 7 gold pieces.
Urug throws a silver javelin.
The silver javelin pierces through you!
Urug throws a silver javelin.
The silver javelin pierces through you!
* * * LOW HITPOINT WARNING * * *
You see here a silver javelin.
Urug throws a silver javelin.
The silver javelin pierces through you!!
You die...

.........# #........#
...>.....# ###........#
.........####.'........#
.........#....#........#
...........######'######
.........### #..#
######.### #†## #.#
###'######### #.
#..@........# #+
#...(.......#
#...(.......#
#...........#
#......"....#
#...........#
#..###.......#
...##>##....o.# ..# #.
##.....#


You could see Urug.

Vanquished Creatures
  Pikel (D:5)
  Psyche (D:10)
  A centaur skeleton (D:9)
  A troll (D:10)
  Grinder (D:4)
  A hippogriff (D:9)
  Eustachio (D:4)
  5 yaks (D:10)
  2 wargs (D:9)
  Edmund (D:5)
  A water moccasin (D:7)
  6 orc warriors
  2 sky beasts
  3 slaves (D:5)
  A necrophage (D:5)
  8 ogres
  2 centaurs
  A crocodile (D:10)
  A big kobold (D:8)
  A water moccasin zombie (D:8)
  7 bullfrogs
  A scorpion (D:5)
  3 killer bees (D:7)
  A crimson imp (D:6)
  A centaur zombie (D:7)
  5 hounds
  11 orc wizards
  A jelly (D:7)
  6 orc priests
  2 bullfrog skeletons
  An iguana (D:10)
  Terence (D:3)
  4 worker ants
  A statue (D:9)
  A hound zombie (D:6)
  A worker ant zombie (D:5)
  A howler monkey skeleton (D:4)
  16 adders
  3 shadow imps
  3 oozes
  3 dart slugs
  8 leopard geckos
  30 orcs
  3 ball pythons
  6 bats
  5 giant cockroaches
  8 goblins
  7 hobgoblins
  13 jackals
  13 kobolds
  5 quokkas
  2 frilled lizards (D:2)
  A jackal skeleton (D:6)
  2 quokka skeletons
  6 rats
223 creatures vanquished.

Vanquished Creatures (collateral kills)
  Menkaure (D:5)
  A slave (D:5)
  2 phantoms
  2 orcs (D:5)
6 creatures vanquished.

Vanquished Creatures (others)
  A fungus (D:10)
  5 toadstools (D:10)
6 creatures vanquished.

Grand Total: 235 creatures vanquished

Notes
Turn   | Place    | Note
-------+----------+-------------------------------------------
     0 | D:1      | Hasart the Deep Elf Ice Elementalist began the quest for
                  | the Orb.
     0 | D:1      | Reached XP level 1. HP: 10/10 MP: 6/6
   137 | D:1      | Reached XP level 2. HP: 9/15 MP: 2/8
   656 | D:1      | Reached skill level 5 in Ice Magic
   762 | D:1      | Reached XP level 3. HP: 16/19 MP: 8/10
  1270 | D:2      | Learned a level 3 spell: Frozen Ramparts
  1862 | D:2      | Reached XP level 4. HP: 24/24 MP: 8/11
  2762 | D:3      | Found a hide-covered altar of Uskayaw.
  2771 | D:3      | Found a shimmering blue altar of Sif Muna.
  2773 | D:3      | Noticed Terence
  2779 | D:3      | Killed Terence
  2780 | D:3      | Reached XP level 5. HP: 22/28 MP: 7/13
  2852 | D:3      | Became a worshipper of Sif Muna the Loreminder
  2864 | D:3      | Found a snail-covered altar of Cheibriados.
  2984 | D:3      | Reached skill level 6 in Ice Magic
  3750 | D:4      | Noticed a phantom
  3775 | D:3      | Learned a level 4 spell: Summon Ice Beast
  3790 | D:4      | Noticed an ogre
  3790 | D:4      | Noticed an ogre
  3851 | D:4      | Noticed Grinder
  3860 | D:4      | Paralysed by Grinder for 2 turns
  3871 | D:4      | Killed Grinder
  3871 | D:4      | Reached skill level 5 in Spellcasting
  3871 | D:4      | Reached skill level 1 in Summonings
  3871 | D:4      | Reached XP level 6. HP: 5/32 MP: 3/15
  4169 | D:4      | Reached skill level 7 in Ice Magic
  4205 | D:4      | Reached * piety under Sif Muna
  4205 | D:4      | Reached XP level 7. HP: 27/36 MP: 11/17
  4390 | D:4      | Noticed Eustachio
  4646 | D:4      | Reached skill level 5 in Dodging
  4718 | D:4      | Killed Eustachio
  4718 | D:4      | Reached skill level 1 in Invocations
  4855 | D:4      | Found a glowing silver altar of Zin.
  5040 | D:4      | Reached skill level 8 in Ice Magic
  5040 | D:4      | Reached XP level 8. HP: 41/41 MP: 15/19
  5313 | D:5      | Entered Level 5 of the Dungeon
  5313 | D:5      | Found a shadowy altar of Dithmenos.
  5336 | D:5      | Noticed Edmund
  5348 | D:5      | Killed Edmund
  5348 | D:5      | Reached skill level 1 in Evocations
  5710 | D:5      | Got a tattered robe
  5711 | D:5      | Identified the +0 robe of Pandemonium {rN+ Str+3} (You
                  | found it on level 5 of the Dungeon)
  5735 | D:5      | Noticed Menkaure
  5750 | D:5      | Killed Menkaure
  5750 | D:5      | Reached ** piety under Sif Muna
  5762 | D:5      | Got a heavily runed leather armour
  5859 | D:5      | Noticed Pikel
  5867 | D:5      | Killed Pikel
  5949 | D:5      | Reached skill level 9 in Ice Magic
  6387 | D:5      | Reached XP level 9. HP: 45/45 MP: 21/21
  6624 | D:5      | Identified the +1 leather armour "Zehecuf" {rN+ Dex+5} (You
                  | found it on level 5 of the Dungeon)
  6651 | D:6      | Found a blossoming altar of Fedhas.
  6732 | D:6      | Found a stormy altar of Qazlal.
  6747 | D:6      | Found a staircase to the Ecumenical Temple.
  7894 | D:7      | Reached skill level 1 in Fighting
  8295 | D:7      | Reached *** piety under Sif Muna
  8816 | D:7      | Found a faded altar of an unknown god.
  8816 | D:7      | Found an opulent altar of Gozag.
  8823 | D:7      | Found a glowing golden altar of the Shining One.
  8825 | D:7      | Found an ancient bone altar of Kikubaaqudgha.
  8826 | D:7      | Found a burning altar of Makhleb.
  9156 | D:8      | Reached skill level 5 in Summonings
  9367 | D:8      | Got a crude ring mail
  9378 | D:8      | Identified the +5 ring mail "Taoblygg" {rC+ Dex+3 SInv}
                  | (You found it on level 8 of the Dungeon)
  9570 | D:8      | Reached skill level 10 in Ice Magic
  9628 | D:8      | Learned a level 6 spell: Ozocubu's Refrigeration
  9689 | D:8      | Found an iron altar of Okawaru.
  9951 | D:9      | Found a staircase to the Lair.
  9973 | D:9      | Reached XP level 10. HP: 48/53 MP: 19/24
 10002 | D:9      | Reached skill level 1 in Armour
 10339 | D:9      | Found a shattered altar of Ashenzari.
 10340 | D:9      | Reached **** piety under Sif Muna
 10459 | D:9      | Found a radiant altar of Vehumet.
 10510 | D:9      | Found a hazy altar of Hepliaklqana.
 10793 | D:10     | Entered Level 10 of the Dungeon
 10793 | D:10     | Found a staircase to the Orcish Mines.
 10806 | D:9      | Reached skill level 5 in Invocations
 10950 | D:10     | Noticed Psyche
 10958 | D:10     | Killed Psyche
 10962 | D:10     | Reached skill level 5 in Evocations
 11007 | D:10     | Learned a level 4 spell: Hailstorm
 11295 | D:10     | Noticed Urug
 11300 | D:10     | Hit by a silver javelin thrown by Urug

Illustrated notes

Levels and vault maps discovered:
D:1:      nzn_arrival_depleted_hourglass, layout_basic, minmay_tetromino_t2
D:2:      minmay_door_path, layout_loops_ring
D:3:      layout_loops_ring, old_standard_altar, old_standard_altar,
          kennysheep_slug_shrine, uniq_terence
D:4:      layout_basic, kennysheep_mini, dk_rats_in_the_wall, uniq_eustachio,
          uniq_grinder
D:5:      layout_loops_ring, first_ration,
          nicolae_dithmenos_through_a_glass_darkly, uniq_pikel, uniq_edmund,
          uniq_menkaure
D:6:      layout_loops_corners, grunt_temple_overflow_forces_of_nature,
          minmay_temple_entry_mist, nicolae_zen_rock_garden
D:7:      layout_basic, chequers_temple_overflow_minitemple
D:8:      layout_cave_pools, kennysheep_little_box
D:9:      layout_basic, old_standard_altar, vehumet_statue,
          erik_lair_orcish_takeover, basic_altar
D:10:     layout_roguey, orc_0_dummy, grunt_livestock, minmay_gold_behind_fungi,
          lemuel_angel_altar, uniq_psyche, uniq_urug

Skill      XL: |  1  2  3  4  5  6  7  8  9 10 |
---------------+-------------------------------+-----
Dodging        | 3 4 5 6 7 8 |  8.0
Ice Magic      | 5 6 7 8 9 10 | 10.9
Spellcasting   | 4 5 6 7 8 |  8.9
Summonings     | 1 3 4 5 6 |  6.1
Invocations    | 2 3 4 5 |  5.7
Evocations     | 2 4 5 |  5.0
Fighting       | 2 3 |  3.0
Armour         | 2 |  2.2
Stealth        | |  2.4

Action                   |  1- 3 |  4- 6 |  7- 9 | 10-12 || total
-------------------------+-------+-------+-------+-------++-------
Melee: Unarmed           |     1 |       |       |       ||     1
       Dagger            |     6 |    20 |    41 |       ||    67
       Dire flail        |       |       |   141 |    28 ||   169
 Cast: Freeze            |    50 |    73 |   114 |    47 ||   284
       Frozen Ramparts   |       |     3 |    26 |     9 ||    38
       Summon Ice Beast  |       |       |     6 |       ||     6
Evoke: Wand              |       |     1 |       |       ||     1
  Use: Scroll            |       |     3 |     9 |       ||    12
 Stab: Distracted        |     1 |       |     1 |       ||     2
       Sleeping          |       |     1 |     1 |       ||     2
       Paralysed         |       |     4 |       |       ||     4
  Eat: Chunk             |     3 |     6 |    16 |     4 ||    29
       Ration            |       |       |     1 |       ||     1
Armor: Robe              |     6 |     5 |    28 |     2 ||    41
       Leather armour    |       |       |    38 |       ||    38
       Ring mail         |       |       |     8 |    28 ||    36
Dodge: Dodged            |    25 |    63 |   239 |    57 ||   384

Table legend:
 A = Non-vault XP
 B = Vault XP
 C = Vault XP percentage of total XP
 D = Non-vault monster count
 E = Vault monster count
 F = Vault count percentage of total count
                 A         B        C        D         E       F
            +---------+---------+-------+---------+---------+-------
      Total |    7287 |    2516 |  25.7 |     203 |      22 |   9.8
            +---------+---------+-------+---------+---------+-------
        D:1 |      39 |       6 |  13.3 |      19 |       2 |   9.5
        D:2 |      96 |       3 |   3.0 |      23 |       2 |   8.0
        D:3 |     101 |      40 |  28.4 |      23 |       2 |   8.0
        D:4 |     751 |     483 |  39.1 |      30 |       2 |   6.2
        D:5 |     534 |     877 |  62.2 |      15 |       3 |  16.7
        D:6 |     556 |       0 |   0.0 |      20 |       0 |   0.0
        D:7 |     954 |       0 |   0.0 |      20 |       0 |   0.0
        D:8 |     894 |       0 |   0.0 |      22 |       0 |   0.0
        D:9 |    1039 |     673 |  39.3 |      10 |      10 |  50.0
       D:10 |    2323 |     434 |  15.7 |      21 |       1 |   4.5
            +---------+---------+-------+---------+---------+-------
